 Dungeon Crawl Stone Soup version 0.19-a0-1676-g39ae8cc (webtiles) character file.

229730 4thArraOfDagon the Brawler (level 18, -3/276 HPs)
             Began as a Troll Monk on Sept 23, 2016.
             Was a High Priest of Elyvilon.
             Slain by an acid blob (32 damage)
             ... on level 5 of the Pits of Slime.
             The game lasted 01:45:43 (16017 turns).

4thArraOfDagon the Brawler (Troll Monk)            Turns: 16017, Time: 01:45:44

Health: -3/276     AC: 14    Str: 31    XL:     18   Next: 31%
Magic:  25/31      EV: 16    Int: 15    God:    Elyvilon [*****.]
Gold:   899        SH: 14    Dex: 10    Spells: 2 memorised, 24 levels left

rFire  + + .     SeeInvis .       - Unarmed
rCold  + . .     Gourm    +     (armour currently unavailable)
rNeg   + + +     Faith    .     V - +2 shield {rN+}
rPois  ∞         Spirit   .     S - +1 hat
rElec  +         Dismiss  .     L - +2 cloak {rPois}
rCorr  +         Reflect  .     (gloves unavailable)
MR     +....     Harm     .     (boots unavailable)
Stlth  +.........               H - macabre finger necklace {rN+}
                                O - ring "Rezas" {AC+4 Int+3}
                                P - ring of resist corrosion
                                f - ring "Kucsuir" {rN+ EV+3}

@: mighty, divinely vigorous, about to teleport, statue-form, resistant,
corroded, very slightly contaminated, studying Stealth, very slow
A: unfitting armour, claws 3, (slimy green scales 0), clumsy 1, fire resistance
1, fast metabolism 3, gourmand, low mp 1, regeneration 1, (shaggy fur 0), strong
1, (tough skin 0), MP-powered wands
a: End Transformation, Lesser Healing, Heal Other, Purification, Greater
Healing, Divine Vigour, Divine Protection, Renounce Religion
}: 2/15 runes: decaying, gossamer


You were on level 5 of the Pits of Slime.
You worshipped Elyvilon.
Elyvilon was extremely pleased with you.
You were full.
You were a stone statue.
You visited 7 branches of the dungeon, and saw 39 of its levels.
You visited the Abyss 1 time.
You visited 1 bazaar.
You also visited: Labyrinth and Bailey.

You collected 2995 gold pieces.
You spent 2096 gold pieces at shops.

Inventory:

Missiles
 X - 9 large rocks (quivered)
Armour
 L - a +2 cloak of poison resistance (worn)
 S - a +1 hat (worn)
 V - a +2 shield of positive energy (worn)
 Z - a +0 robe of fire resistance (melded)
Magical Staves
 M - an uncursed staff of wizardry {!a}
Jewellery
 f - the ring "Kucsuir" (on amulet) {rN+ EV+3}
   (You found it in a labyrinth)

   [ring of evasion]

   It affects your evasion (+3).
   It protects you from negative energy.
 k - the amulet of Vitality {Regen+ HP+15}
   (You found it on level 1 of the Swamp)

   [amulet of regeneration]

   It affects your health (+15).
   It increases your rate of regeneration.
 t - the ring "Mim Azumn" {rPois Int+3}
   (You bought it in a shop on level 2 of the Orcish Mines)

   [ring of poison resistance]

   It affects your intelligence (+3).
   It protects you from poison.
 H - the macabre finger necklace (around neck) {rN+}
   (You bought it in a shop on level 1 of the Elven Halls)

   [amulet of nothing]

   It protects you from negative energy.
 K - an uncursed ring of protection from magic
 O - the ring "Rezas" (right claw) {AC+4 Int+3}
   (You found it on level 3 of the Elven Halls)

   [ring of protection]

   It affects your AC (+4).
   It affects your intelligence (+3).
 P - a ring of resist corrosion (left claw)
 T - an uncursed ring of wizardry
Wands
 g - a wand of enslavement (18/24)
 i - a wand of digging (15/24)
 j - a wand of paralysis (8/24)
 l - a wand of teleportation (2/9)
 s - a wand of lightning (4/15)
 v - a wand of polymorph (0/24)
 x - a wand of hasting (3/9)
 z - a wand of disintegration (7/24)
 D - a wand of disintegration (5/24)
 F - a wand of paralysis (6/24)
 U - a wand of iceblast (6/15)
 W - a wand of lightning (12/15)
 Y - a wand of acid (11/15)
Scrolls
 a - 7 scrolls of enchant armour {unknown}
 c - 5 scrolls of blinking {unknown}
 e - a scroll of fog
 q - 3 scrolls of remove curse
 u - 2 scrolls of magic mapping
 A - 2 scrolls of immolation
 Q - a scroll of amnesia
Potions
 d - 5 potions of heal wounds
 h - 4 potions of ambrosia
 n - a potion of brilliance
 o - a potion of curing
 p - 5 potions of magic
 w - 2 potions of mutation
 C - a potion of cancellation
 E - 2 potions of degeneration
 G - 3 potions of resistance
 J - a potion of cure mutation
Books
 r - a manual of Stealth
Miscellaneous
 B - a fan of gales
Comestibles
 b - 11 bread rations
 m - 6 meat rations


   Skills:
 + Level 9.3 Fighting
 + Level 9.2 Dodging
 - Level 1.1 Stealth
 - Level 10.3 Shields
 * Level 16.5 Unarmed Combat
 - Level 7.1 Spellcasting
 - Level 9.3 Transmutations
 - Level 11.2 Earth Magic
 + Level 10.8 Invocations


You had 24 spell levels left.
You knew the following spells:

 Your Spells              Type           Power        Failure   Level  Hunger
a - Apportation           Tloc           #.........   14%         1    None
b - Statue Form           Tmut/Erth      #####....    30%         6    #######


Dungeon Overview and Level Annotations

Branches:
Dungeon (15/15)            Temple (0/1) D:7            Lair (6/6) D:9
  Swamp (4/4) Lair:2       Spider (4/4) Lair:2        Slime (5/5) Lair:5
    Orc (2/2) D:11            Elf (3/3) Orc:2
 Vaults: D:13-14     Depths: D:15

Altars:
Cheibriados
Dithmenos
Elyvilon
Fedhas
Hepliaklqana
Makhleb
Nemelex Xobeh
Xom
Yredelemnul
Beogh

Shops:
D:5 [   D:10 ?   D:14 %   Orc:1 (   Orc:2 :*=}[   Elf:1 =}[   Elf:2 }==*

Portals:
Trove: D:11 (give 14 scrolls of teleportation)

Annotations:
D:15 Rupert
Lair:6 Nessos
Elf:2 1 runed door
Elf:3 Bai Suzhen


Innate Abilities, Weirdness & Mutations

You are too large for most types of armour.
You have claws for hands.
Your metabolism is lightning-fast.
You like to eat raw meat.
Your natural rate of healing is unusually fast.
((You are covered in fur. (AC +1)))
((You have very tough skin. (AC +2)))
((You are partially covered in slimy green scales. (AC +2)))
You are clumsy. (Dex -2)
Your flesh is heat resistant. (rF+)
Your magical capacity is low. (-10% MP)
Your muscles are strong. (Str +2)
You expend magic power (3 MP) to strengthen your wands.


Message History

You resist.
* * * LOW HITPOINT WARNING * * *
The acid blob hits you!!
* * * LOW HITPOINT WARNING * * *
You are splashed with acid!
The acid burns!
You resist.
* * * LOW HITPOINT WARNING * * *
The large slime creature barely misses you.
Unknown command.
Unknown command.
Unknown command.
The acid blob spits acid at you. The splash of acid hits you!
You are splashed with acid!
The acid burns!
You resist.
* * * LOW HITPOINT WARNING * * *
The acid blob spits acid at you. The splash of acid hits you!
The acid corrodes you!
You are splashed with acid!
The acid burns!
You resist.
* * * LOW HITPOINT WARNING * * *
The acid blob hits you!!
You die...

........................
........................
........................
.......................
....................
....................
...................
.....?..J...$.....
...$$?.J8.)))...
../}?.JJJ..$[%..
.?=!|$....(|$}?.
.=!:!..J...$)}$.
..}$.}..J.|.?)..
................
................
................
...............


You could see 3 acid blobs, a very large slime creature, a large slime creature
and 2 slime creatures.

Vanquished Creatures
  Saint Roka (Elf:2)
  A bone dragon (Abyss:3)
  Arachne (Spider:2)
  A lich (Abyss:3)
  Jorgrun (Elf:2)
  A deep elf master archer (Elf:3)
  10 acid blobs
  2 thorn hunters (Swamp:1)
  Donald (Spider:4)
  4 azure jellies
  An orc warlord (Bailey)
  8 deep elf sorcerers (Elf:3)
  4 ghost moths (Spider:4)
  Louise (Swamp:4)
  4 emperor scorpions
  A deep elf elementalist (Elf:3)
  2 entropy weavers
  2 deep elf demonologists (Elf:3)
  6 deep elf annihilators (Elf:3)
  A spark wasp (Spider:3)
  A deep elf death mage (Elf:3)
  2 ettins (Orc:1)
  3 death oozes (Slime:5)
  A minotaur (Lab)
  6 crystal guardians (Elf:3)
  4 deep elf high priests (Elf:3)
  Fannar (Orc:1)
  5 great orbs of eyes
  2 ice dragons (Lair:2)
  9 hydras
  A ghost crab (Swamp:2)
  2 alligators
  2 ogre magi (Orc:2)
  5 death yaks
  A tengu warrior (D:14)
  9 dancing weapons
  2 spriggan berserkers (Swamp:4)
  An orc high priest (Orc:2)
  The ghost of Amnesiac the Basher, a novice HaBe of Trog (Bailey)
  2 deep elf knights
  5 spriggans
  The ghost of 4thArraOfDagon the Grappler, a novice TrMo of Okawaru (Bailey)
  A deep troll (Orc:2)
  7 swamp dragons (Swamp:4)
  3 shambling mangroves
  4 hill giants
  5 deep elf archers
  2 orc knights
  A harpy (shapeshifter) (Elf:3)
  13 deep elf magi
  An ugly thing (D:12)
  10 orb spiders
  3 shining eyes
  A necromancer (D:13)
  18 wolf spiders
  An orc sorcerer (Elf:2)
  6 hornets
  3 cyclopes
  5 black mambas
  2 centaur zombies
  14 elephants
  3 torpor snails
  9 spiny frogs
  5 komodo dragons
  An eye of devastation (Slime:1)
  5 demonic crawlers
  6 rime drakes (Lair:2)
  An ancient zyme (Abyss:3)
  2 tyrant leeches
  9 jumping spiders
  8 two-headed ogres
  9 trolls
  43 slime creatures
  7 blink frogs
  A hippogriff (shapeshifter) (Elf:2)
  4 hippogriffs
  3 bog bodies (Swamp:4)
  4 large abominations (Abyss:3)
  50 redbacks
  19 tarantellas
  A fire dragon skeleton (Abyss:3)
  An air elemental (Orc:2)
  19 yaks
  4 water elementals
  7 wyverns
  2 wraiths
  12 golden eyes
  2 fire elementals (Elf:2)
  2 hungry ghosts (D:10)
  3 basilisks
  A neqoxec (Abyss:3)
  4 vampire mosquitoes
  9 swamp worms
  8 water moccasins
  Edmund (D:5)
  2 wargs
  12 swamp drakes
  17 ice beasts
  2 eyes of draining
  2 sky beasts
  22 orc warriors
  15 wasps
  2 wolves (D:8)
  27 ogres
  2 centaurs
  7 crocodiles
  4 big kobolds
  4 bullfrogs
  A wyvern zombie (D:7)
  3 small abominations (Abyss:3)
  A water moccasin zombie (D:11)
  A wyvern skeleton (D:6)
  3 scorpions
  2 killer bees (D:9)
  2 crimson imps
  2 bullfrog zombies
  17 orc priests
  8 hounds
  3 jellies
  12 orc wizards
  5 bullfrog skeletons
  3 centaur skeletons
  6 iguanas
  5 worker ants
  A polar bear simulacrum (D:13)
  A wolf simulacrum (D:13)
  4 gnolls (Bailey)
  12 adders
  29 river rats
  4 shadow imps
  An adder skeleton (D:6)
  2 dart slugs (D:1)
  2 leopard geckos
  56 orcs
  2 bats
  2 giant cockroaches
  2 goblins
  5 hobgoblins
  20 kobolds
  3 quokkas
  A ball python (D:2)
  A frilled lizard (D:5)
  A rat (D:2)
  A fungus (D:9)
  3 plants
829 creatures vanquished.

Vanquished Creatures (collateral kills)
  the Royal Jelly (Slime:5)
  An acid blob (Slime:5)
  A death ooze (Slime:5)
  A deep troll (Orc:2)
4 creatures vanquished.

Vanquished Creatures (others)
  A spark wasp (Spider:4)
  A deep elf high priest (Elf:3)
  A hydra (Swamp:4)
  A deep elf knight (Elf:3)
  3 swamp dragons (Swamp:4)
  2 deep elf magi (Elf:3)
  3 hornets (Spider:4)
  A moth of wrath (Spider:4)
  A spiny frog (Lair:6)
  A bog body (Swamp:4)
  An air elemental (Elf:3)
  A spriggan (Swamp:4)
  A water elemental (Elf:3)
  5 swamp drakes (Swamp:4)
  A wasp (Swamp:4)
  A killer bee (D:9)
  8 fungi
  9 plants
42 creatures vanquished.

Grand Total: 875 creatures vanquished

Notes
Turn   | Place    | Note
-------+----------+-------------------------------------------
     0 | D:1      | 4thArraOfDagon the Troll Monk began the quest for the Orb.
     0 | D:1      | Reached XP level 1. HP: 22/22 MP: 0/0
    38 | D:1      | Reached XP level 2. HP: 29/29 MP: 1/1
   311 | D:4      | Noticed a phantom
   325 | D:4      | Reached skill level 4 in Unarmed Combat
   325 | D:4      | Reached XP level 3. HP: 30/36 MP: 2/2
   342 | D:4      | Reached skill level 5 in Unarmed Combat
   342 | D:4      | Reached XP level 4. HP: 43/44 MP: 3/3
   377 | D:5      | Entered Level 5 of the Dungeon
   377 | D:5      | Noticed an ogre
   378 | D:5      | Noticed a phantom
   594 | D:5      | Found a sparkling altar of Nemelex Xobeh.
   594 | D:5      | Found a shadowy altar of Dithmenos.
   594 | D:5      | Found a basalt altar of Yredelemnul.
   594 | D:5      | Found a burning altar of Makhleb.
   594 | D:5      | Found a blossoming altar of Fedhas.
   594 | D:5      | Found a white marble altar of Elyvilon.
   594 | D:5      | Found a hazy altar of Hepliaklqana.
   598 | D:5      | Became a worshipper of Elyvilon the Healer
   598 | D:5      | Reached * piety under Elyvilon
   598 | D:5      | Reached ** piety under Elyvilon
   612 | D:5      | Noticed Edmund
   632 | D:5      | Killed Edmund
   632 | D:5      | Reached skill level 1 in Invocations
   632 | D:5      | Reached XP level 5. HP: 22/50 MP: 3/5
   658 | D:5      | Reached skill level 6 in Unarmed Combat
   667 | D:5      | Noticed an ogre
   785 | D:7      | Reached XP level 6. HP: 59/59 MP: 6/6
   789 | D:7      | Noticed a hippogriff
   812 | D:7      | Killed a hippogriff
   812 | D:7      | Reached skill level 7 in Unarmed Combat
   846 | D:7      | Reached XP level 7. HP: 23/66 MP: 8/8
   862 | D:7      | Found a shimmering altar of Xom.
  1129 | D:6      | Reached skill level 8 in Unarmed Combat
  1292 | D:5      | Reached *** piety under Elyvilon
  1331 | D:5      | Found Jaoliule's Antique Armour Boutique.
  1334 | D:5      | Bought a shiny shield for 144 gold pieces
  1350 | D:5      | Reached XP level 8. HP: 74/74 MP: 10/10
  1444 | D:7      | Reached skill level 1 in Shields
  1508 | D:7      | Reached skill level 9 in Unarmed Combat
  1653 | D:8      | Noticed Grum
  1668 | D:8      | Noticed Grum
  1668 | D:8      | Grum changed into Grum the hound
  1673 | D:8      | Killed Grum the hound
  1788 | D:8      | Reached skill level 5 in Invocations
  1810 | D:8      | Noticed a two-headed ogre
  1827 | D:8      | Killed a two-headed ogre
  1827 | D:8      | Reached skill level 10 in Unarmed Combat
  1827 | D:8      | Reached XP level 9. HP: 61/80 MP: 11/11
  1870 | D:7      | Found a staircase to the Ecumenical Temple.
  1977 | D:9      | Noticed a troll
  2153 | D:9      | a troll changed into a two-headed ogre
  2193 | D:9      | Found a flagged portal.
  2213 | Bailey   | Entered a bailey
  2238 | Bailey   | Noticed 4thArraOfDagon's ghost (novice TrMo)
  2269 | Bailey   | Noticed an orc warlord
  2292 | Bailey   | Killed 4thArraOfDagon's ghost
  2292 | Bailey   | Reached skill level 11 in Unarmed Combat
  2299 | Bailey   | Noticed Amnesiac's ghost (novice HaBe)
  2330 | Bailey   | Killed Amnesiac's ghost
  2330 | Bailey   | Reached XP level 10. HP: 54/88 MP: 7/13
  2388 | Bailey   | Noticed an orc knight
  2416 | Bailey   | Killed an orc knight
  2440 | Bailey   | Found a runed gate.
  2451 | Bailey   | Found a runed gate.
  2488 | Bailey   | Found a runed gate.
  2638 | Bailey   | Killed an orc warlord
  2638 | Bailey   | Reached skill level 5 in Shields
  2638 | Bailey   | Reached skill level 12 in Unarmed Combat
  2763 | D:10     | Entered Level 10 of the Dungeon
  2790 | D:10     | Found Cudin's Magic Scroll Emporium.
  2861 | D:10     | Bought a scroll of teleportation for 45 gold pieces
  2861 | D:10     | Bought a scroll of magic mapping for 52 gold pieces
  2861 | D:10     | Bought a scroll of identify for 30 gold pieces
  2861 | D:10     | Bought a scroll of identify for 30 gold pieces
  3068 | D:11     | Gained mutation: Your body sometimes deteriorates upon taking damage. [mutagenic meat]
  3074 | D:11     | Gained mutation: Your flesh is heat resistant. (rF+) [mutagenic meat]
  3077 | D:11     | Gained mutation: Your muscles are strong. (Str +2) [mutagenic meat]
  3080 | D:11     | Gained mutation: Your muscles are very strong. (Str +4) [mutagenic meat]
  3324 | D:12     | Noticed a purple ugly thing
  3349 | D:12     | Killed a purple ugly thing
  3349 | D:12     | Reached XP level 11. HP: 62/94 MP: 15/15
  3366 | D:12     | Lost mutation: Your body sometimes deteriorates upon taking damage. [mutagenic meat]
  3374 | D:12     | Gained mutation: You are partially covered in slimy green scales. (AC +2) [potion of beneficial mutation]
  3515 | D:14     | Noticed a hill giant
  3524 | D:14     | Killed a hill giant
  3524 | D:14     | Reached skill level 13 in Unarmed Combat
  3526 | D:14     | Reached **** piety under Elyvilon
  3644 | D:13     | Noticed a necromancer
  3656 | D:13     | Killed a necromancer
  3824 | D:13     | Gained mutation: You expend magic power (3 MP) to strengthen your wands. [mutagenic meat]
  3827 | D:13     | Gained mutation: Your magical capacity is low. (-10% MP) [mutagenic meat]
  3984 | D:14     | Noticed a skeletal warrior
  3985 | D:14     | Noticed a skeletal warrior
  3985 | D:14     | Noticed a skeletal warrior
  4029 | D:15     | Entered Level 15 of the Dungeon
  4064 | D:15     | Noticed an orc knight
  4097 | D:15     | Killed an orc knight
  4182 | D:15     | Noticed Rupert
  4240 | D:14     | Noticed a skeletal warrior
  4242 | D:14     | Noticed a tengu warrior
  4248 | D:14     | Killed a tengu warrior
  4312 | D:14     | Found Okhliot's Food Shop.
  4321 | D:14     | Noticed a skeletal warrior
  4410 | D:12     | Noticed a deep elf mage
  4419 | D:12     | Killed a deep elf mage
  4435 | D:12     | Reached skill level 14 in Unarmed Combat
  4519 | D:11     | Found a portal to a secret trove of treasure.
  4620 | D:10     | Noticed a hill giant
  4629 | D:10     | Killed a hill giant
  4740 | D:11     | Found a staircase to the Orcish Mines.
  4745 | Orc:1    | Entered Level 1 of the Orcish Mines
  4745 | Orc:1    | Found Gucsop's Antique Weapon Shoppe.
  4755 | Orc:1    | Noticed Fannar
  4774 | Orc:1    | Killed Fannar
  4809 | Orc:1    | Noticed an ettin
  4840 | Orc:1    | Noticed an ettin
  4875 | Orc:1    | Killed an ettin
  4875 | Orc:1    | Reached XP level 12. HP: 11/104 MP: 16/16
  4980 | Orc:2    | Entered Level 2 of the Orcish Mines
  5025 | Orc:2    | jacquesderrida: Dagang
  5034 | Orc:2    | Found a staircase to the Elven Halls.
  5073 | Orc:2    | Found a roughly hewn altar of Beogh.
  5299 | Orc:2    | Reached ***** piety under Elyvilon
  5354 | Orc:2    | Found Yhih Pojy's Jewellery Boutique.
  5865 | Orc:2    | Noticed an ogre mage
  5888 | Orc:2    | Killed an ogre mage
  5898 | Orc:2    | Reached skill level 10 in Shields
  6002 | Orc:2    | Found Kodam's Book Shoppe.
  6106 | Orc:2    | Found Rep Were's Assorted Antiques.
  6113 | Orc:2    | Found Ecaosueg's Gadget Shoppe.
  6120 | Orc:2    | jacquesderrida: wew
  6122 | Orc:2    | Found Xehubut's Antique Armour Shop.
  6125 | Orc:2    | Noticed an ogre mage
  6146 | Orc:2    | Killed an ogre mage
  6147 | Orc:2    | jacquesderrida: Large Mans Domain
  6159 | Orc:2    | Bought a glowing cloak for 126 gold pieces
  6170 | Orc:2    | jacquesderrida: Very gud
  6175 | Orc:2    | Bought a scroll labeled SITEGR PABA GEVOWI for 25 gold pieces
  6175 | Orc:2    | Bought a papyrus manual for 375 gold pieces
  6175 | Orc:2    | Bought a scroll labeled SITEGR PABA GEVOWI for 25 gold pieces
  6175 | Orc:2    | Bought a scroll labeled ASORPHU UDDENISH for 25 gold pieces
  6430 | D:9      | Found a staircase to the Lair.
  6456 | Lair:1   | Entered Level 1 of the Lair of Beasts
  6471 | Lair:1   | Found a labyrinth entrance.
  6480 | Lab      | Entered a labyrinth
  6517 | Lab      | Identified the ring "Kucsuir" {rN+ EV+3} (You found it in a labyrinth)
  6645 | Lab      | Noticed a minotaur
  6652 | Lab      | Killed a minotaur
  6675 | Lab      | Got an iridescent morningstar
  6676 | Lab      | Identified the +0 morningstar of Wondrous Power {holy, +Blink Dex+4} (You found it in a labyrinth)
  6829 | Lair:3   | Identified a scroll of acquirement
  6831 | Lair:3   | Got a glittering copper ring
  6833 | Lair:3   | Identified the ring "Plog" {rElec Int-3 Dex+3 SInv Stlth+} (You acquired it on level 3 of the Lair of Beasts)
  6876 | Lair:3   | Learned a level 1 spell: Apportation
  6906 | Lair:4   | Reached XP level 13. HP: 115/115 MP: 16/16
  7095 | Lair:5   | Found a staircase to the Slime Pits.
  7242 | Lair:6   | Entered Level 6 of the Lair of Beasts
  7273 | Lair:6   | Reached ****** piety under Elyvilon
  7301 | Lair:6   | Reached skill level 5 in Fighting
  7301 | Lair:6   | Reached skill level 5 in Dodging
  7971 | Lair:6   | Reached skill level 1 in Spellcasting
  8042 | Lair:6   | Noticed Nessos
  8397 | Lair:5   | Reached XP level 14. HP: 133/133 MP: 17/17
  8398 | Lair:5   | Found a snail-covered altar of Cheibriados.
  8497 | Lair:5   | Learned a level 6 spell: Statue Form
  8571 | Lair:3   | Reached skill level 1 in Earth Magic
  8600 | Lair:3   | Reached skill level 1 in Transmutations
  8761 | Lair:2   | jacquesderrida: chilly willy
  8978 | Lair:2   | Found a staircase to the Swamp.
  9384 | Orc:2    | Bought an uncursed ring of wizardry for 390 gold pieces
  9384 | Orc:2    | jacquesderrida: SLAYER
  9384 | Orc:2    | Bought the ring "Mim Azumn" {rPois Int+3} for 432 gold pieces
  9450 | Elf:1    | Entered Level 1 of the Elven Halls
  9450 | Elf:1    | Found Talyil's Jewellery Shoppe.
  9582 | Elf:1    | Bought the macabre finger necklace {rN+} for 243 gold pieces
  9606 | Elf:2    | Noticed Jorgrun
  9614 | Elf:2    | Killed Jorgrun
  9672 | Elf:3    | Entered Level 3 of the Elven Halls
  9690 | Elf:3    | Found a flickering gateway to a bazaar.
  9752 | Elf:3    | MEH!
  9790 | Elf:3    | Noticed a deep elf sorcerer
  9796 | Elf:3    | Killed a deep elf sorcerer
  9796 | Elf:3    | Reached skill level 5 in Earth Magic
  9805 | Elf:3    | Noticed a deep elf elementalist
  9809 | Elf:3    | Noticed a deep elf sorcerer
  9809 | Elf:3    | Killed a deep elf elementalist
  9816 | Elf:3    | Killed a deep elf sorcerer
  9990 | Elf:3    | Reached skill level 5 in Transmutations
 10002 | Elf:3    | Noticed a deep elf sorcerer
 10021 | Elf:3    | Killed a deep elf sorcerer
 10029 | Elf:3    | Reached XP level 15. HP: 137/140 MP: 15/18
 10034 | Elf:3    | Noticed a deep elf sorcerer
 10052 | Elf:3    | Killed a deep elf sorcerer
 10056 | Elf:3    | Noticed a deep elf master archer
 10072 | Elf:3    | Killed a deep elf master archer
 10183 | Elf:3    | Noticed a deep elf sorcerer
 10197 | Elf:3    | Killed a deep elf sorcerer
 10197 | Elf:3    | Reached skill level 5 in Spellcasting
 10286 | Elf:3    | Noticed an Executioner
 10296 | Elf:3    | Noticed a deep elf sorcerer
 10301 | Elf:3    | Killed a deep elf sorcerer
 10575 | Elf:3    | Identified the Guide on the Noxious Volcanoes
 10581 | Elf:3    | Identified the Reference Book on Arcane Weapons
 10613 | Elf:3    | Noticed a deep elf sorcerer
 10624 | Elf:3    | Killed a deep elf sorcerer
 10672 | Elf:3    | Got a flickering bone ring
 10747 | Bazaar   | Entered a bazaar
 10753 | Bazaar   | Found Sanutuak's Jewellery Shop.
 10773 | Bazaar   | Found Ithi Aph's Antique Armour Shop.
 10781 | Bazaar   | Bought a glowing hat for 124 gold pieces
 10782 | Bazaar   | Identified the ring "Rezas" {AC+4 Int+3} (You found it on level 3 of the Elven Halls)
 10901 | Elf:3    | Noticed a deep elf sorcerer
 10915 | Elf:3    | Killed a deep elf sorcerer
 10958 | Elf:3    | Got a scorched mace
 10959 | Elf:3    | Identified the +2 mace "Xolula" {crush, rPois rC- MR+++} (You found it on level 3 of the Elven Halls)
 11114 | Elf:3    | Noticed Bai Suzhen
 11179 | Elf:1    | Found Ukuc's Antique Armour Shop.
 11211 | Elf:2    | Found Diqik's General Store.
 11236 | Elf:2    | Noticed Saint Roka
 11250 | Elf:2    | Found a runed gate.
 11252 | Elf:2    | Found a runed gate.
 11252 | Elf:2    | Found a runed gate.
 11340 | Elf:2    | Killed Saint Roka
 11421 | Elf:1    | Found Gatoug's Gadget Shop.
 11435 | Elf:2    | Found Lucim's Jewellery Shop.
 11442 | Elf:2    | Found Luiked's Gadget Shoppe.
 11443 | Elf:2    | Found Plog's Jewellery Shop.
 11560 | Elf:2    | Bought a scroll of identify for 30 gold pieces
 11621 | Elf:1    | Reached XP level 16. HP: 149/149 MP: 17/21
 11819 | Lair:2   | Found a hole to the Spider Nest.
 11842 | Spider:1 | Entered Level 1 of the Spider Nest
 12033 | Spider:2 | Noticed Arachne
 12051 | Spider:2 | Killed Arachne
 12051 | Spider:2 | Reached skill level 10 in Earth Magic
 12371 | Spider:4 | Entered Level 4 of the Spider Nest
 12402 | Spider:4 | Noticed Donald
 12420 | Spider:4 | Killed Donald
 13542 | Spider:4 | Got a gossamer rune of Zot
 13766 | Swamp:1  | Entered Level 1 of the Swamp
 13800 | Swamp:1  | Reached XP level 17. HP: 158/158 MP: 21/23
 14058 | Swamp:4  | Entered Level 4 of the Swamp
 14178 | Swamp:4  | Reached skill level 15 in Unarmed Combat
 14219 | Swamp:4  | Got a pitted flail
 14220 | Swamp:4  | Identified the +3 flail of Quriast {freeze, rElec} (You found it on level 4 of the Swamp)
 14360 | Swamp:4  | Got a decaying rune of Zot
 14392 | Swamp:4  | Noticed Louise
 14395 | Swamp:4  | Cast into level 3 of the Abyss (Louise)
 14395 | Abyss:3  | Found a corrupted altar of Lugonu.
 14470 | Abyss:3  | Noticed a lich
 14472 | Abyss:3  | Paralysed by a lich for 3 turns
 14477 | Abyss:3  | Killed a lich
 14481 | Abyss:3  | Noticed a bone dragon
 14482 | Abyss:3  | Found a blossoming altar of Fedhas.
 14493 | Abyss:3  | Killed a bone dragon
 14493 | Abyss:3  | Reached skill level 10 in Invocations
 14495 | Abyss:3  | Found a white marble altar of Elyvilon.
 14497 | Abyss:3  | Found a bloodstained altar of Trog.
 14497 | Abyss:3  | Found a burning altar of Makhleb.
 14497 | Abyss:3  | Found a shadowy altar of Dithmenos.
 14497 | Abyss:3  | Found a deep blue altar of Sif Muna.
 14498 | Abyss:3  | Found a basalt altar of Yredelemnul.
 14498 | Abyss:3  | Found a shimmering altar of Xom.
 14498 | Abyss:3  | Found a hazy altar of Hepliaklqana.
 14498 | Abyss:3  | Found an iron altar of Okawaru.
 14532 | Swamp:4  | Escaped the Abyss
 14551 | Swamp:4  | Killed Louise
 14836 | Slime:1  | Entered Level 1 of the Pits of Slime
 14836 | Slime:1  | Noticed an acid blob
 14839 | Slime:1  | Noticed an acid blob
 14955 | Lair:5   | Killed an acid blob
 15504 | Slime:3  | Noticed an acid blob
 15504 | Slime:3  | Noticed an acid blob
 15670 | Slime:4  | Gained mutation: You are clumsy. (Dex -2) [a shining eye]
 15679 | Slime:4  | Noticed an acid blob
 15679 | Slime:4  | Lost mutation: Your muscles are very strong. (Str +4) [a shining eye]
 15696 | Slime:4  | Killed an acid blob
 15831 | Slime:5  | Entered Level 5 of the Pits of Slime
 15846 | Slime:5  | Reached skill level 16 in Unarmed Combat
 15849 | Slime:5  | Noticed an acid blob
 15855 | Slime:5  | Killed an acid blob
 15858 | Slime:5  | Noticed an acid blob
 15865 | Slime:5  | Killed an acid blob
 15865 | Slime:5  | Reached XP level 18. HP: 152/171 MP: 10/24
 15982 | Slime:5  | Noticed the Royal Jelly
 15995 | Slime:5  | Killed the Royal Jelly
 15996 | Slime:5  | WHAT
 15996 | Slime:5  | 4thArraOfDagon: o wow
 16017 | Slime:5  | Slain by an acid blob

Vault maps used:
D:1:      erik_arrival_triangle_medium
D:2:      first_bread
D:3:      serial_bayou_pond_d
D:4:      enter_ossuary_1, roderic_lattice_a, moated_statue,
          minmay_misc_feat_five, grunt_decor_cap, minmay_misc_feat_columns,
          kennysheep_small_spiral, grunt_ministairs_1
D:5:      grunt_temple_overflow_open, serial_shops, nicolae_shop_behind_doors,
          guppyfry_early_lair_pool, uniq_edmund
D:6:      black_bear_nest_2, gammafunk_temple_overflow_wave, serial_shops,
          nicolae_shop_trees, interstate_on_off, kennysheep_generic_room_13
D:7:      basic_altar, serial_curves, eino_curves_04, eino_curves_04,
          eino_curves_03, eino_curves_02, grunt_ogre_cave
D:8:      uniq_grum
D:9:      dpeg_oklobed_lair, enter_bailey_2
D:10:     minmay_firetagon, serial_shops, shop
D:11:     orc_0_dummy, enter_trove_2
D:13:     grunt_vaults_entry_fortified, eino_house_with_fridge
D:14:     serial_shops, shop
D:15:     grunt_enter_depths_snipers, hangedman_abyss_or_decor_stagger,
          lemuel_mausoleum_altar_yredelemnul, uniq_azrael, uniq_josephine,
          uniq_rupert
Lair:1:   beast_lair_carwin_large_1, lab_entry_generic
Lair:2:   minmay_swamp_entry_reptiles, nicolae_spider_entry_orb_guardian,
          minmay_guarded_unrand_chilly_death, uniq_harold
Lair:3:   infiniplex_staircase_pool_2
Lair:4:   serial_bayou_shore_b, infiniplex_staircase_pool, serial_bayou_shore_a
Lair:5:   beast_lair_carwin_large_4, minmay_slime_entry_pillars,
          kennysheep_snail_temple
Lair:6:   hangedman_lair_tendril_chambers, wormcave, uniq_nessos
Swamp:1:  evilmike_swamp_ruin_house_1, swamp_pool5
Swamp:2:  evilmike_swamp_ruin_house_5, swamp_pool2
Swamp:3:  evilmike_swamp_ruin_rubble_2, grunt_witch_cave
Swamp:4:  swamp_basic_johnstein, uniq_louise
Spider:2: uniq_arachne
Spider:3: uniq_mara
Spider:4: spider_rune_water, spiders_nest_ghost_moth_duel, uniq_donald
Orc:1:    serial_shops, nicolae_shop_crystal, uniq_fannar
Orc:2:    st_orc_open, serial_shops, nicolae_shop_competitors_out_of_business,
          david_defended_altar_orc
Elf:1:    serial_shops, nicolae_shop_temple_entry_statues_fountains, shop, shop,
          kennysheep_underground_church
Elf:2:    serial_shops, shop, minmay_shop_grove, uniq_jorgrun, uniq_saint_roka
Elf:3:    minmay_elf_hall_golems, serial_shops, freezing_bzr, evilmike_minifort,
          uniq_bai_suzhen
Abyss:3:  minivault_24, minivault_23
Lab:      labyrinth_spiral, nicolae_lab_quarters
Bazaar:   bazaar_jpeg_cross
Bailey:   bailey_axe_bossmonster_kennysheep, bailey

Skill      XL: |  1  2  3  4  5  6  7  8  9 10 11 12 13 14 15 16 17 18 |
---------------+-------------------------------------------------------+-----
Unarmed Combat | 4 5 6 7 8 10 11 12 14 16 | 16.5
Invocations    | 1 2 3 4 5 6 7 9 10 | 10.8
Shields        | 3 4 6 7 10 | 10.3
Fighting       | 4 7 9 |  9.3
Dodging        | 4 7 8 9 |  9.2
Spellcasting   | 3 4 5 7 |  7.1
Earth Magic    | 6 9 11 | 11.2
Transmutations | 5 7 9 |  9.3
Stealth        | |  1.1

Action                   |  1- 3 |  4- 6 |  7- 9 | 10-12 | 13-15 | 16-18 || total
-------------------------+-------+-------+-------+-------+-------+-------++-------
Melee: Unarmed           |    38 |    59 |   263 |   601 |   990 |   891 ||  2842
       Punch             |       |     1 |     1 |       |       |       ||     2
Throw: Throwing net      |       |       |     6 |     1 |       |       ||     7
       Tomahawk          |       |       |       |    15 |       |       ||    15
       Large rock        |       |       |       |     3 |       |    42 ||    45
 Cast: Statue Form       |       |       |       |       |     6 |    52 ||    58
       Apportation       |       |       |       |       |       |    15 ||    15
Invok: Lesser Healing    |       |       |     1 |     1 |     1 |       ||     3
       Heal Other        |       |       |    11 |     7 |     7 |    15 ||    40
       Greater Healing   |       |       |       |     1 |     3 |       ||     4
       Divine Protection |       |       |       |     1 |       |       ||     1
       Divine Vigour     |       |       |       |       |     2 |     4 ||     6
 Abil: End Transformatio |       |       |       |       |     1 |     1 ||     2
Evoke: Wand              |       |       |     6 |     8 |    14 |    12 ||    40
       Box of beasts     |       |       |       |     1 |       |       ||     1
       Fan of gales      |       |       |       |       |       |     1 ||     1
       Phantom mirror    |       |       |       |       |       |     1 ||     1
  Use: Scroll            |       |     2 |     4 |    21 |    17 |    10 ||    54
       Potion            |       |       |       |     1 |    13 |    21 ||    35
 Stab: Sleeping          |     1 |       |     1 |     3 |    10 |     1 ||    16
       Distracted        |       |       |       |     1 |     1 |     1 ||     3
       Invisible         |       |       |       |       |     1 |     1 ||     2
       Confused          |       |       |       |       |       |     1 ||     1
  Eat: Chunk             |     3 |     7 |    19 |    54 |    56 |    43 ||   182
       Pizza             |       |       |       |     1 |       |     2 ||     3
       Beef jerky        |       |       |       |     1 |       |     6 ||     7
       Bread ration      |       |       |       |       |       |     4 ||     4
       Meat ration       |       |       |       |       |       |     3 ||     3
Armor: Robe              |    70 |    19 |    47 |    62 |    98 |    53 ||   349
       Skin              |       |       |     9 |     5 |    49 |   787 ||   850
Dodge: Dodged            |    80 |    45 |    90 |   124 |   283 |   630 ||  1252
Block: Shield            |       |       |    68 |   234 |   444 |   769 ||  1515
